 Dungeon Crawl Stone Soup version 0.27.1-4-g1640c2035a (webtiles) character file.

Game seed: 18370468692650427970

64 pkoi the Insei (level 3, 0/31 HPs)
             Began as a Draconian Monk on Nov 15, 2021.
             Slain by a jelly (3 damage)
             ... on level 3 of the Dungeon.
             The game lasted 00:02:18 (2049 turns).

pkoi the Insei (Draconian Monk)                     Turns: 2049, Time: 00:02:19

Health: 0/31       AC: -3    Str: 13    XL:     3   Next: 91%
Magic:  3/3        EV: 12    Int: 11    God:
Gold:   116        SH:  0    Dex: 13    Spells: 2/2 levels left

rFire    . . .     SeeInvis .   e - +2 dagger (venom)
rCold    . . .     Faith    .   (no shield)
rNeg     . . .     Spirit   .   (armour unavailable)
rPois    .         Reflect  .   (helmet restricted)
rElec    .         Harm     .   (no cloak)
rCorr    .         Rampage  .   (no gloves)
Will     .....                  (no boots)
Stlth    ++........             (no amulet)
HPRegen  0.10/turn              (no ring)
MPRegen  0.08/turn              (no ring)

@: corroded
A: AC +5, unfitting armour, cold-blooded
a: no special abilities


You were on level 3 of the Dungeon.
You visited 1 branch of the dungeon, and saw 3 of its levels.

You collected 116 gold pieces.

Inventory:

Hand Weapons
 e - a +2 dagger of venom (weapon)
Scrolls
 c - a scroll of teleportation
 d - a scroll of brand weapon
Potions
 b - a potion of heal wounds {unknown}
 f - a potion of flight
 g - a potion of mutation {unknown}


   Skills:
 - Level 3.2 Fighting
 - Level 2.6 Dodging
 - Level 1.7 Stealth
 + Level 4.9 Unarmed Combat


You had 2 spell levels left.
You didn't know any spells.
Your spell library contained the following spells:

 Spells                   Type           Power      Damage    Failure   Level
 Cause Fear               Hex            0%         N/A       98%         4
 Blade Hands              Tmut           0%         N/A       100%        5
 Iron Shot                Conj/Erth      0%         9d1       100%        6
 Dragon Form              Tmut           0%         N/A       100%        7
 Dragon's Call            Summ           0%         N/A       100%        9
 Animate Armour           Summ/Erth      Unusable   N/A       N/A         4

Dungeon Overview and Level Annotations

Branches:
Dungeon (3/15)

Altars:
Cheibriados


Innate Abilities, Weirdness & Mutations

Your plain brown scales are hard. (AC +5)
You cannot fit into any form of body armour.
You are cold-blooded and may be slowed by cold attacks.


Message History

No reachable target in view!
No reachable target in view!
The dart slug launches a dart at you.
The slug dart hits you but does no damage.
You enter the shallow water.
Moving in this stuff is going to be slow.
Found 13 arrows and a yellow potion.
A jelly comes into view.
The dart slug launches a dart at you.
The slug dart hits you but does no damage.
The dart slug launches a dart at you. The slug dart misses you.
Your unstable footing causes you to fumble your attack.
The dart slug launches a dart at you. The slug dart misses you.
You hit the dart slug but do no damage. The dart slug launches a dart at you.
The slug dart misses you.
You hit the dart slug.
The dart slug is poisoned.
The dart slug is moderately wounded.
The dart slug launches a dart at you.
The slug dart hits you but does no damage.
The jelly hits you. The acid corrodes you!
You are splashed with acid!
You hit the jelly but do no damage.
Your hands burn!
You kill the dart slug!
The jelly hits you.
* * * LOW HITPOINT WARNING * * *
You are splashed with acid!
* * * LOW HITPOINT WARNING * * *
You hit the jelly but do no damage.
The jelly is poisoned.
The acid corrodes you!
Your hands burn!
* * * LOW HITPOINT WARNING * * *
The jelly completely misses you.
You hit the jelly but do no damage.
The jelly looks as sick as possible!
Your hands burn!
* * * LOW HITPOINT WARNING * * *
You tail-slap the jelly, but do no damage.
The jelly is lightly wounded.
The jelly hits you.
You die...

...... ......
......######
........... .!......
#..... #...J### ...
#..(@#_## ...
#######.≈≈≈####
..##......≈≈†≈≈.... +
≈≈+.......≈≈.≈≈....
#≈###≈.#.#...#≈≈≈≈≈####
≈≈≈≈≈ #.#...#.≈≈≈.#
≈#≈≈##.#..[##...##
#≈≈...#...##..##
#≈≈.###...##.##


You could see a jelly (extremely poisoned).

Vanquished Creatures
  A worm (D:2)
  4 dart slugs
  An orc (D:2)
  5 bats
  7 endoplasms
  2 giant cockroaches
  6 goblins
  7 hobgoblins
  2 quokkas (D:1)
  3 frilled lizards
  2 kobolds
  7 rats
47 creatures vanquished.

Notes
Turn   | Place    | Note
-------+----------+-------------------------------------------
     0 | D:1      | pkoi the Draconian Monk began the quest for the Orb.
     0 | D:1      | Reached XP level 1. HP: 19/19 MP: 1/1
   260 | D:1      | Reached XP level 2. HP: 21/26 MP: 2/2
  1012 | D:1      | Reached skill level 4 in Unarmed Combat
  1241 | D:2      | Reached XP level 3. HP: 31/31 MP: 3/3
  1267 | D:2      | Found a faded altar of an unknown god.
  2033 | D:3      | Found a snail-covered altar of Cheibriados.
  2049 | D:3      | Slain by a jelly

Illustrated notes

Levels and vault maps discovered:
D:1:      psy_arrival_fountain, layout_basic
D:2:      layout_loops_ring, ebering_ecumenical_altar_mist, serial_glass,
          glass_columns_a, glass_columns_a, minmay_close_crescents
D:3:      layout_basic, kennysheep_slug_shrine, roderic_roman_lattice,
          minmay_crystal_water, st_stairs_10

Skill      XL: |  1  2 |
---------------+-------+-----
Unarmed Combat | 4 |  4.9
Fighting       | |  3.2
Dodging        | |  2.6
Stealth        | |  1.7

Action                   || total
-------------------------++-------
Melee: Unarmed           ||    36
       Tailslap          ||    12
       Dagger            ||    80
       Punch             ||     1
  Use: Scroll            ||     4
 Stab: Sleeping          ||     5
Armor: Skin              ||    30
Dodge: Dodged            ||    59
